 Dungeon Crawl Stone Soup version 0.31-a0-358-gac0dbeb3ab (webtiles) character file.

Game seed: 18049496719928054107

5428 Bnni the Mimic (level 10, -4/86 HPs)
             Began as an Octopode Shapeshifter on July 25, 2023.
             Was an Initiate of Gozag.
             Slain by a sun demon (14 damage)
             ... summoned by a kobold demonologist
             ... on level 9 of the Dungeon.
             The game lasted 00:13:47 (7226 turns).

Bnni the Mimic (Octopode Shapeshifter)              Turns: 7226, Time: 00:13:49

Health: -4/86      AC:  9    Str: 20    XL:     10   Next: 67%
Magic:  10/10      EV: 15    Int: 10    God:    Gozag
Gold:   456        SH:  0    Dex: 17    Spells: 9/9 levels left

rFire   . .          .
                       - Unarmed
rCold   . . .        (shield currently unavailable)
rNeg    + . .        (helmet currently unavailable)
rPois   +            (no amulet)
rElec   .            f - ring of poison resistance
rCorr   .            t - ring of positive energy
SInv    .            x - +5 ring of evasion
Will    .....        z - +4 ring of slaying
Stlth   ++           (no ring)
HPRegen 0.34/turn    (no ring)
MPRegen 0.12/turn    (no ring)
                     (no ring)

%: no passive effects
@: snake-form
A: constrict, boosted hp, almost no armour, amphibious, 8 rings, large,
(camouflage 1), (gelatinous body 1), (nimble swimmer 1), (tentacles)
a: Begin Untransformation, Renounce Religion, Potion Petition, Call Merchant,
Bribe Branch


You were on level 9 of the Dungeon.
You worshipped Gozag.
Gozag was aware of your devotion.
You were an enormous anaconda.
You visited 2 branches of the dungeon, and saw 10 of its levels.
You also visited: Sewer.

You collected 1229 gold pieces.
You spent 695 gold pieces at shops.
You paid 78 gold pieces to Gozag.

Inventory:

Hand Weapons
 e - a +3 sling
 i - a +3 rapier of venom
Missiles
 a - 3 curare-tipped darts
 m - 9 poisoned darts
Jewellery
 f - a ring of poison resistance (left tentacle)
 t - a ring of positive energy (right tentacle)
 x - a +5 ring of evasion (on tentacle)
 z - a +4 ring of slaying (on tentacle)
Talismans
 b - a beast talisman
 A - a serpent talisman
Wands
 l - a wand of flame (27)
 r - a wand of light (7)
 y - a wand of polymorph (9)
 B - a wand of iceblast (6)
Scrolls
 h - a scroll of enchant weapon {unknown}
 j - 3 scrolls of teleportation
 n - a scroll of acquirement {unknown}
 q - 4 scrolls of fear
 u - a scroll of summoning {unknown}
 v - a scroll of immolation
 w - 3 scrolls of fog
 C - a scroll of poison {unknown}
 E - a scroll of identify
Potions
 c - a potion of attraction
 d - a potion of magic
 g - a potion of might
 k - 11 potions of curing
 o - 3 potions of enlightenment
 p - a potion of mutation
 s - 2 potions of heal wounds
Miscellaneous
 D - a box of beasts


   Skills:
 + Level 7.8 Fighting
 - Level 2.0 Dodging
 + Level 8.4 Unarmed Combat
 * Level 9.8 Shapeshifting


You had 9 spell levels left.
You didn't know any spells.
Your spell library contained the following spells:

 Spells                   Type           Power      Damage    Failure   Level
 Magic Dart               Conj           0%         1d3       36%         1
 Call Imp                 Summ           0%         N/A       50%         2
 Dazzling Flash           Conj/Hex       0%         N/A       75%         3
 Mephitic Cloud           Conj/Pois/Air  0%         N/A       75%         3
 Manifold Assault         Tloc           0%         N/A       98%         4
 Summon Lightning Spire   Summ/Air       0%         N/A       98%         4
 Agony                    Necr           0%         N/A       100%        5
 Lee's Rapid Deconstruct  Erth           0%         3d4*      100%        5
 Silence                  Hex/Air        0%         N/A       100%        5
 Dispersal                Tloc           0%         N/A       100%        6
 Disjunction              Tloc           0%         N/A       100%        8
 Animate Armour           Summ/Erth      Unusable   N/A       N/A         4

Dungeon Overview and Level Annotations

Branches:
Dungeon (9/15)             Temple (1/1) D:4           Sewer (visited)
   Lair: D:8-11         Orc: D:9-12

Altars:
Ashenzari
Cheibriados
Dithmenos
Elyvilon
Fedhas
Gozag
Hepliaklqana
Makhleb
Nemelex Xobeh
Okawaru
Qazlal
Ru
Sif Muna
Uskayaw
Vehumet
Wu Jian
Yredelemnul
Zin
The Shining One

Shops:
D:3 =   D:4 ![[(?   D:5 !


Innate Abilities, Weirdness & Mutations

You are an enormous anaconda.
You have a powerful constriction melee attack.
Your maximum health is increased.
Your armour is entirely melded.
You are incapable of wielding weapons or throwing items.
You cannot wear most types of armour.
You are amphibious.
You can wear up to eight rings at the same time.
((Your skin changes colour to match your surroundings (Stealth+).))
((Your rubbery body absorbs attacks. (AC +1, EV +1)))
((You are camouflaged when in or above water. (Stealth+)))
((You have tentacles for arms and can constrict up to eight enemies at once.))


Message History

You lash the two-headed ogre!
The two-headed ogre is severely wounded.
You constrict the two-headed ogre.
The two-headed ogre hits you with a +0 giant club!
The two-headed ogre misses you.
You hit the two-headed ogre.
The two-headed ogre is severely wounded.
You constrict the two-headed ogre.
You body-slam the two-headed ogre!!
You kill the two-headed ogre!
No target in view!
HP restored.
You now have 456 gold pieces (gained 19).
Things that are here:
a +0 giant club; a +0 giant club
E - a scroll of identify A kobold demonologist comes into view.
It is wielding a +0 dagger.
The kobold demonologist shouts!
The kobold demonologist gestures wildly while chanting.
You body-slam the sun demon!!
Your grab misses the sun demon.
The sun demon is moderately wounded.
The sun demon barely misses you. The sun demon hits you.
You are engulfed in flames!!
The kobold demonologist gestures wildly while chanting.
The sun demon misses you.
The kobold demonologist casts a cantrip, but nothing happens.
The shadow imp hits you.
You body-slam the kobold demonologist!!
You grab the kobold demonologist.
The kobold demonologist is heavily wounded.
You constrict the kobold demonologist, but do no damage.
The sun demon hits you!!
You are engulfed in flames!
You lash the kobold demonologist!
The kobold demonologist is almost dead.
You constrict the kobold demonologist. The kobold demonologist misses you.
The shadow imp hits you but does no damage.
The sun demon hits you!
* * * LOW HITPOINT WARNING * * *
You are engulfed in flames!
You die...
Your body crumbles into a pile of gold.

##'## #.......# ##.[.##
#.###.#.# #.#.....## #
##.#.#
#........###.##..#.#
#.......<.##.#...#.#####.
...........+..............
...........##.#...#.#####.
###.......###.##3.#.#
##.....## #.5KS5..#
##...## #####.### ##+# ..#
###


You could see a sun demon (summoned), a kobold demonologist, a white imp
(summoned) and a shadow imp (summoned).

Vanquished Creatures
  A two-headed ogre (D:9)
  A cyclops (D:8)
  Grinder (D:3)
  Prince Ribbit (D:6)
  Sigmund (D:6)
  A shadow (D:5)
  2 wyverns
  Eustachio (D:5)
  3 steam dragons
  The ghost of Grim the Stinger, an amateur DrVM (D:4)
  A water moccasin (D:8)
  Duvessa (D:4)
  An orc warrior (D:7)
  A sky beast (D:6)
  2 ice beasts
  A black bear (D:5)
  4 phantoms
  A kobold brigand (Sewer)
  A gnoll sergeant (D:7)
  2 scorpions
  A water moccasin skeleton (D:4)
  Dowan (D:4)
  5 killer bees (D:8)
  A crimson imp (D:7)
  A bullfrog zombie (D:4)
  3 jellies
  A hound (D:4)
  An orc priest (D:7)
  A gnoll bouda (D:8)
  A bullfrog skeleton (D:4)
  2 iguanas
  Natasha (twice) (D:3)
  3 orc wizards (D:7)
  10 gnolls
  8 adders
  2 river rats (Sewer)
  4 white imps
  2 ufetubi (D:5)
  A worm (D:2)
  3 dart slugs
  8 orcs
  7 ball pythons
  5 bats
  9 endoplasms
  3 giant cockroaches (D:1)
  10 goblins
  7 hobgoblins
  6 jackals
  7 kobolds
  3 quokkas
  3 frilled lizards
  8 rats
157 creatures vanquished.

Vanquished Creatures (others)
  A two-headed ogre (D:8)
1 creature vanquished.

Grand Total: 158 creatures vanquished

Notes
Turn   | Place    | Note
-------+----------+-------------------------------------------
     0 | D:1      | Bnni the Octopode Shapeshifter began the quest for the Orb.
     0 | D:1      | Reached XP level 1. HP: 13/13 MP: 1/1
    54 | D:1      | Reached XP level 2. HP: 9/18 MP: 2/2
   318 | D:1      | Reached XP level 3. HP: 23/23 MP: 3/3
   887 | D:2      | Reached XP level 4. HP: 29/29 MP: 4/4
  1542 | D:3      | Noticed Grinder
  1547 | D:3      | Paralysed by Grinder for 4 turns
  1554 | D:3      | Killed Grinder
  1555 | D:3      | Reached skill level 4 in Shapeshifting
  1555 | D:3      | Reached XP level 5. HP: 27/36 MP: 5/5
  1555 | D:3      | Reached XP level 6. HP: 31/42 MP: 6/6
  1607 | D:3      | Found Vedutoab's Jewellery Shoppe.
  1654 | D:3      | Found a hide-covered altar of Uskayaw.
  1737 | D:3      | Noticed Natasha
  1743 | D:3      | Killed Natasha
  1930 | D:3      | Noticed Natasha
  1934 | D:3      | Killed Natasha
  2058 | D:4      | Found Deorekeg's Weapon Shoppe.
  2101 | D:4      | Reached skill level 5 in Shapeshifting
  2132 | D:4      | Reached XP level 7. HP: 43/46 MP: 7/7
  2222 | D:4      | Noticed Dowan
  2341 | D:4      | Found Nywnoabb's Antique Armour Boutique.
  2353 | D:4      | Found Aston's Distillery.
  2361 | D:4      | Bought a potion of curing for 42 gold pieces
  2361 | D:4      | Bought a potion of heal wounds for 70 gold pieces
  2412 | D:4      | Found a staircase to the Ecumenical Temple.
  2445 | Temple   | Entered the Ecumenical Temple
  2458 | Temple   | Became a worshipper of Gozag Ym Sagoz the Greedy
  2587 | D:4      | Found Vicuer's Magic Scroll Shoppe.
  2716 | D:4      | Found Sock's Armour Shop.
  2759 | D:4      | Found a runed translucent gate.
  2759 | D:4      | Found a runed translucent gate.
  2759 | D:4      | Found a runed translucent gate.
  2764 | D:4      | Noticed Grim's ghost (amateur DrVM)
  2785 | D:4      | Noticed Duvessa
  2794 | D:4      | Killed Duvessa
  2902 | D:4      | Killed Dowan
  2986 | D:4      | Reached skill level 5 in Unarmed Combat
  2999 | D:4      | Killed Grim's ghost
  3000 | D:4      | Reached skill level 6 in Shapeshifting
  3003 | D:4      | Reached XP level 8. HP: 51/54 MP: 8/8
  3122 | D:5      | Entered Level 5 of the Dungeon
  3556 | D:5      | Found Kubbism's Distillery.
  3564 | D:5      | Bought a potion of heal wounds for 65 gold pieces
  3564 | D:5      | Bought a potion of curing for 39 gold pieces
  3564 | D:5      | Bought a potion of curing for 39 gold pieces
  3603 | D:5      | Noticed a shadow
  3648 | D:5      | Noticed Eustachio
  3655 | D:5      | Killed Eustachio
  3656 | D:5      | Reached skill level 5 in Fighting
  3781 | D:5      | Killed a shadow
  3782 | D:5      | Reached skill level 7 in Shapeshifting
  4404 | D:6      | Reached XP level 9. HP: 44/61 MP: 9/9
  4431 | D:6      | Found a glowing drain.
  4442 | Sewer    | Entered a sewer
  4607 | Sewer    | Found a white marble altar of Elyvilon.
  4852 | D:6      | Found a burning altar of Makhleb.
  4859 | D:6      | Found a hazy altar of Hepliaklqana.
  4872 | D:6      | Noticed Sigmund
  4882 | D:6      | Killed Sigmund
  5169 | D:6      | Noticed Prince Ribbit
  5175 | D:6      | Killed Prince Ribbit
  5443 | D:7      | Reached skill level 8 in Shapeshifting
  5573 | D:7      | Found a stormy altar of Qazlal.
  5670 | D:7      | Found a glowing silver altar of Zin.
  5776 | D:3      | Bought a serpent talisman for 440 gold pieces
  6081 | D:7      | Found a radiant altar of Vehumet.
  6174 | D:7      | Found a blossoming altar of Fedhas.
  6308 | D:8      | Noticed a two-headed ogre
  6504 | D:8      | Found an ornate altar of the Wu Jian Council.
  6520 | D:8      | Reached XP level 10. HP: 69/69 MP: 10/10
  6521 | D:8      | Killed a two-headed ogre
  6522 | D:8      | Reached skill level 9 in Shapeshifting
  6833 | D:8      | Noticed a cyclops
  6846 | D:8      | Killed a cyclops
  6971 | D:8      | Found a basalt altar of Yredelemnul.
  7135 | D:9      | Identified the +6 chain mail of Gallantry {rC+ rN+}
  7137 | D:9      | Noticed a two-headed ogre
  7145 | D:9      | Killed a two-headed ogre
  7220 | D:9      | Noticed a kobold demonologist
  7222 | D:9      | Noticed a sun demon
  7226 | D:9      | Slain by a sun demon

Illustrated notes

Levels and vault maps discovered:
D:1:      amcnicky_arrival_blooded_trapdoor, layout_loops_cross
D:2:      layout_loops_ring
D:3:      layout_loops_ring, mainiacjoe_overflow_boulevard, serial_shops,
          nicolae_shop_hallway_plus, uniq_grinder, uniq_natasha
D:4:      layout_loops_ring, temple_doors_e, serial_shops, shop,
          nicolae_shop_statue_plus, nicolae_shop_advertising_works
          [nicolae_subvault_shop_adworks], shop, nicolae_shop_statue_plus,
          gammafunk_ghost_necromancy, glass_columns_c, uniq_duvessa
D:5:      layout_basic, serial_shops, shop, minmay_bent, uniq_eustachio
D:6:      layout_gridville, mainiacjoe_overflow_big_doors, portal_sewer_entry_d,
          nrook_loot_triangle, uniq_prince_ribbit1, uniq_sigmund
D:7:      layout_rooms, mainiacjoe_overflow_cross_hatched, lemuel_round_altar,
          mainiacjoe_overflow_concentric_impassable, lemuel_crystal_altar,
          minmay_fire_ice_demons
D:8:      layout_cave_pools, mainiacjoe_overflow_catwalk,
          mainiacjoe_overflow_alcove_1, kennysheep_just_a_vault
D:9:      layout_loops_corners, kiku_gazebo_garden_becter, orc_0_dummy,
          uniq_erolcha
Temple:   nicolae_temple_ecumenical_triangle

Skill      XL: |  1  2  3  4  5  6  7  8  9 10 |
---------------+-------------------------------+-----
Fighting       | 3 4 5 6 7 |  7.8
Unarmed Combat | 4 5 6 7 8 |  8.4
Shapeshifting  | 4 5 6 7 8 9 |  9.8
Dodging        | |  2.0

Action                     |  1- 3 |  4- 6 |  7- 9 | 10-12 || total
---------------------------+-------+-------+-------+-------++-------
  Melee: Unarmed           |    21 |    12 |   192 |    29 ||   254
         Constrict         |     3 |     5 |    33 |     5 ||    46
         Tentacles         |     5 |     4 |    29 |       ||    38
         Punch             |     2 |     2 |     7 |       ||    11
   Fire: Sling             |    60 |    70 |    17 |       ||   147
  Throw: Dart              |       |       |    16 |       ||    16
  Evoke: Wand              |       |       |     4 |       ||     4
    Use: Potion            |       |       |     3 |       ||     3
         Scroll            |       |       |     9 |     1 ||    10
   Stab: Sleeping          |     1 |       |     2 |       ||     3
         Distracted        |       |       |     2 |     1 ||     3
 Armour: Skin              |     7 |     2 |    30 |     3 ||    42
  Dodge: Dodged            |    13 |    11 |   110 |    15 ||   149
   Form: Anaconda          |       |       |     1 |       ||     1

Table legend: (Time is in decaauts)
 A = Elapsed time spent in this place.
 B = Non-inter-level travel time spent in this place.
 C = Inter-level travel time spent in this place.
 D = Time resting spent in this place.
 E = Time spent auto-exploring this place.
 F = Levels seen in this place.
 G = Mean time per level.
                   A        B        C        D        E       F      G
               +--------+--------+--------+--------+--------+-----+--------+
         Total |   7249 |   6688 |    561 |    681 |   4696 |  11 |  659.0 |
       Dungeon |   7024 |   6463 |    561 |    681 |   4567 |   9 |  780.4 |
        Temple |     26 |     26 |      0 |      0 |      0 |   1 |   26.0 |
         Sewer |    198 |    198 |      0 |      0 |    129 |   1 |  198.0 |
               +--------+--------+--------+--------+--------+-----+--------+

Top non-repeatable levels by time:
     D:6: 1083 daAuts
     D:5: 1081 daAuts
     D:4: 970 daAuts
     D:3: 815 daAuts
     D:8: 777 daAuts
     D:2: 773 daAuts
     D:7: 739 daAuts
     D:1: 690 daAuts
   Sewer: 198 daAuts
     D:9: 92 daAuts
  Temple: 26 daAuts
